 Dungeon Crawl Stone Soup version 0.26-a0-466-g989023bd0d (webtiles) character file.

Game seed: 3066048591583939954

4721 graki42 the Thaumaturge (level 10, -3/53 HPs)
             Began as a Deep Elf Fire Elementalist on Aug 7, 2020.
             Was a Priest of Sif Muna.
             Slain by a yak (12 damage)
             ... on level 9 of the Dungeon.
             The game lasted 00:53:07 (11234 turns).

graki42 the Thaumaturge (DEFE)                     Turns: 11234, Time: 00:53:23

Health: -3/53      AC: 10    Str:  8    XL:     10   Next: 22%
Magic:  10/27      EV: 13    Int: 27    God:    Sif Muna [***...]
Gold:   493        SH:  0    Dex: 15    Spells: 15/31 levels left

rFire    . . .     SeeInvis .   e - +0 short sword (curse)
rCold    . . .     Faith    .   (no shield)
rNeg     . . .     Spirit   .   a - +0 robe
rPois    .         Reflect  .   v - +0 helmet
rElec    .         Harm     .   z - +1 cloak
rCorr    .                      (no gloves)
MR       +....                  x - +0 pair of boots
Stlth    ++........             D - amulet of the acrobat
HPRegen  0.17/turn              m - +6 ring of intelligence
MPRegen  0.20/turn              A - +4 ring of protection

@: no status effects
A: no striking features
a: Channel Magic, Forget Spell, Renounce Religion


You were on level 9 of the Dungeon.
You worshipped Sif Muna.
Sif Muna was most pleased with you.
You visited 2 branches of the dungeon, and saw 10 of its levels.

You collected 493 gold pieces.

Inventory:

Hand Weapons
 e - a cursed +0 short sword (weapon)
 F - a +4 dagger
Missiles
 b - 11 poisoned darts
 t - 2 throwing nets (quivered)
Armour
 a - a +0 robe (worn)
 h - a +0 buckler
 v - a +0 helmet (worn)
 x - a +0 pair of boots (worn)
 z - a +1 cloak (worn)
Jewellery
 m - a +6 ring of intelligence (left hand)
 p - an uncursed ring of see invisible
 s - an uncursed ring of protection from fire
 y - an uncursed ring of poison resistance
 A - a +4 ring of protection (right hand)
 D - an amulet of the acrobat (around neck)
 E - a +4 ring of protection
 J - an uncursed ring of stealth
Wands
 B - a wand of digging (3)
 K - a wand of iceblast (12)
 M - a wand of acid (9)
Scrolls
 d - 10 scrolls of teleportation {unknown}
 g - 2 scrolls of magic mapping {unknown}
 i - 4 scrolls of identify {unknown}
 j - 7 scrolls of amnesia {unknown}
 k - 2 scrolls of noise {unknown}
 o - 2 scrolls of fog {unknown}
 w - 2 scrolls of remove curse {unknown}
 H - 3 scrolls of fear {unknown}
 L - a scroll of torment {unknown}
 N - a scroll of random uselessness {unknown}
Potions
 c - 2 potions of heal wounds
 f - 3 potions of haste {unknown}
 l - a potion of might {unknown}
 n - 3 potions of degeneration {unknown}
 q - 2 potions of lignification {unknown}
 r - a potion of flight {unknown}
 u - a potion of resistance {unknown}
 C - 3 potions of curing {unknown}
 G - a potion of cancellation {unknown}
 I - a potion of brilliance {unknown}


   Skills:
 + Level 1.7 Fighting
 - Level 2.4 Dodging
 - Level 2.4 Stealth
 + Level 1.6 Shields
 - Level 11.0 Spellcasting
 - Level 9.0 Conjurations
 - Level 3.0 Hexes
 - Level 10.0 Fire Magic


You had 15 spell levels left.
You knew the following spells:

 Your Spells              Type           Power        Failure   Level
a - Foxfire               Conj/Fire      ####         1%          1
b - Conjure Flame         Conj/Fire      ######..     1%          3
c - Inner Flame           Hex/Fire       #####...     1%          3
d - Sticky Flame          Conj/Fire      ######..     1%          4
e - Fireball              Conj/Fire      ######....   2%          5

Your spell library contained the following spells:

 Spells                   Type           Power        Failure   Level
 Apportation              Tloc           ##....       3%          1
 Tukima's Dance           Hex            ####....     3%          3
 Lesser Beckoning         Tloc           ##........   12%         3
 Alistair's Intoxication  Tmut/Pois      ##.......    71%         5
 Invisibility             Hex            ####....     86%         6


Dungeon Overview and Level Annotations

Branches:
Dungeon (9/15)             Temple (1/1) D:4
   Lair: D:8-11         Orc: D:9-12

Altars:
Ashenzari
Cheibriados
Dithmenos
Elyvilon
Fedhas
Gozag
Hepliaklqana
Kikubaaqudgha
Makhleb
Nemelex Xobeh
Okawaru
Qazlal
Ru
Sif Muna
Trog
Uskayaw
Vehumet
Wu Jian
Xom
Yredelemnul
The Shining One


Message History

Aiming: Inner Flame (safe; 1% risk of failure)
Press: ? - help, Shift-Dir - straight line, f/p - yak
Aim: a yak (almost dead, covered in liquid flames, chance to defeat MR: 93%)
The yak is filled with an inner flame.
The yak bellows!
The yak burns!
The yak explodes!
The fiery explosion engulfs the yak!!
The yak is almost dead.
The fiery explosion engulfs the yak!!
The yak is heavily wounded.
The fiery explosion engulfs you!!
Ouch! That really hurt!
* * * LOW HITPOINT WARNING * * *
Sif Muna accepts your kill.
Training target 10.0 for Fire Magic reached!
Your Fire Magic skill increases to level 10!
A phantom comes into view.
The yak gores you!
You die...

.. ## #(# .. ... #### #.#
#.# ..# ..# #.##..###. #.#
#.# YW..?....Y #.#
######.##.#....#
#.###......§Y.#.#
###.....##...Y§##.#
###..........##.@.#.####..
........................>..
....#########.#...#######..
.#### #........ .#
#.....##.# ## #.....# #
#######. #.....# .<......
#.....# ......... #......


You could see 3 yaks and a phantom.

Vanquished Creatures
  A two-headed ogre (D:8)
  A troll (D:9)
  A wyvern (D:8)
  A yak (D:9)
  2 sky beasts
  An ice beast (D:7)
  An orc warrior (D:7)
  An eye of draining (D:8)
  7 ogres
  4 centaurs
  4 bullfrogs
  4 killer bees (D:9)
  5 wights (D:7)
  A vampire bat (D:5)
  6 howler monkeys
  7 orc priests
  A hound (D:6)
  4 bullfrog skeletons
  3 iguanas
  5 orc wizards
  8 worker ants
  A hound zombie (D:7)
  A howler monkey skeleton (D:7)
  14 adders
  14 gnolls
  A white imp (D:9)
  5 ufetubi
  An adder zombie (D:9)
  3 worms
  5 dart slugs
  3 fire bats (D:5)
  4 leopard geckos
  37 orcs
  2 spectral bats (D:5)
  16 bats
  3 bat skeletons (D:5)
  A bat zombie (D:5)
  4 giant cockroaches
  6 goblins
  10 hobgoblins
  9 jackals
  12 kobolds
  2 quokkas
  3 ball pythons
  A bat simulacrum (D:5)
  5 frilled lizards
  2 jackal skeletons
  5 rats
238 creatures vanquished.

Vanquished Creatures (others)
  2 orcs (D:7)
  796 foxfires
798 creatures vanquished.

Grand Total: 1036 creatures vanquished

Notes
Turn   | Place    | Note
-------+----------+-------------------------------------------
     0 | D:1      | graki42 the Deep Elf Fire Elementalist began the quest for
                  | the Orb.
     0 | D:1      | Reached XP level 1. HP: 10/10 MP: 6/6
   274 | D:1      | Reached XP level 2. HP: 15/15 MP: 4/8
   909 | D:1      | Reached XP level 3. HP: 19/19 MP: 8/10
  1010 | D:2      | Learned a level 3 spell: Conjure Flame
  1014 | D:2      | Learned a level 3 spell: Inner Flame
  1389 | D:2      | Noticed a +0 dagger
  1390 | D:2      | Found a hide-covered altar of Uskayaw.
  1390 | D:2      | Noticed a +0 hand axe
  1398 | D:2      | Reached skill level 4 in Spellcasting
  1405 | D:2      | Reached XP level 4. HP: 24/24 MP: 2/12
  1411 | D:2      | Learned a level 4 spell: Sticky Flame
  2048 | D:2      | Reached XP level 5. HP: 26/28 MP: 4/13
  2234 | D:3      | Reached skill level 5 in Spellcasting
  2532 | D:3      | Reached skill level 5 in Fire Magic
  2961 | D:3      | Reached XP level 6. HP: 32/32 MP: 13/16
  3674 | D:2      | Found a sacrificial altar of Ru.
  3674 | D:2      | Found a shimmering blue altar of Sif Muna.
  3684 | D:2      | Became a worshipper of Sif Muna the Loreminder
  3735 | D:4      | Learned a level 5 spell: Fireball
  3821 | D:4      | Reached skill level 6 in Spellcasting
  3953 | D:4      | Found a staircase to the Ecumenical Temple.
  4010 | D:4      | Reached XP level 7. HP: 36/36 MP: 9/18
  4107 | Temple   | Entered the Ecumenical Temple
  4787 | D:4      | Found a shimmering altar of Xom.
  5072 | D:5      | Entered Level 5 of the Dungeon
  5176 | D:5      | Reached skill level 5 in Conjurations
  5248 | D:5      | Found a basalt altar of Yredelemnul.
  5267 | D:5      | Reached * piety under Sif Muna
  5406 | D:5      | Found an opulent altar of Gozag.
  5413 | D:5      | Reached skill level 1 in Hexes
  5458 | D:5      | Reached skill level 7 in Spellcasting
  6316 | D:5      | Reached XP level 8. HP: 41/41 MP: 16/21
  6821 | D:5      | Found a stormy altar of Qazlal.
  6982 | D:6      | Reached skill level 8 in Spellcasting
  7199 | D:6      | Reached ** piety under Sif Muna
  7886 | D:7      | Reached skill level 9 in Spellcasting
  8045 | D:7      | Reached XP level 9. HP: 45/45 MP: 20/24
  8430 | D:7      | Found an ancient bone altar of Kikubaaqudgha.
  9091 | D:8      | Found an opulent altar of Gozag.
  9185 | D:8      | Noticed a two-headed ogre
  9201 | D:8      | Killed a two-headed ogre
  9201 | D:8      | Reached skill level 10 in Spellcasting
 10044 | D:8      | Reached *** piety under Sif Muna
 10581 | D:8      | Reached skill level 11 in Spellcasting
 10581 | D:8      | Reached XP level 10. HP: 50/50 MP: 15/27
 11114 | D:9      | Reached skill level 1 in Shields
 11213 | D:9      | Reached skill level 1 in Fighting
 11234 | D:9      | Reached skill level 10 in Fire Magic
 11234 | D:9      | Slain by a yak

Illustrated notes

Levels and vault maps discovered:
D:1:      psy_arrival_terrarium, layout_loops_ring, st_stairs_6
D:2:      layout_basic, nicolae_overflow_hidden_temple, dancing_weapons_uskayaw,
          minmay_misc_feat_rows, minmay_misc_feat_columns
D:3:      layout_basic
D:4:      layout_basic, lemuel_doored_altar, minmay_temple_entry_overgrown,
          chequers_big_river
D:5:      layout_basic, grunt_temple_overflow_open, basic_altar, goddamned_bats
D:6:      layout_rooms
D:7:      layout_loops_corners, kiku_gazebo_garden_becter, lemuel_flamethrower_2
D:8:      layout_rooms, overflow_temple_1_default
D:9:      layout_rooms, zin_angel, serial_shops, nicolae_shop_behind_doors,
          item_on_display_a
Temple:   oiseaux_autumnal_temple

Skill      XL: |  1  2  3  4  5  6  7  8  9 10 |
---------------+-------------------------------+-----
Conjurations   | 2 3 4 5 7 9 |  9.0
Fire Magic     | 4 5 6 8 9 10 | 10.0
Spellcasting   | 4 5 6 7 9 11 | 11.0
Hexes          | 2 3 |  3.0
Shields        | 1 |  1.6
Fighting       | 1 |  1.7
Dodging        | |  2.4
Stealth        | |  2.4

Action                   |  1- 3 |  4- 6 |  7- 9 | 10-12 || total
-------------------------+-------+-------+-------+-------++-------
Melee: Short sword       |     1 |    13 |    28 |       ||    42
 Cast: Foxfire           |    64 |   114 |   266 |    35 ||   479
       Conjure Flame     |       |     3 |    23 |       ||    26
       Inner Flame       |       |     1 |     2 |     1 ||     4
       Sticky Flame      |       |       |     6 |     7 ||    13
       Fireball          |       |       |     1 |     3 ||     4
  Use: Potion            |       |     1 |       |       ||     1
 Stab: Sleeping          |       |       |     3 |       ||     3
Armor: Robe              |     3 |    13 |    57 |     3 ||    76
Dodge: Dodged            |    10 |    63 |   128 |     7 ||   208

Table legend: (Time is in decaauts)
 A = Elapsed time spent in this place.
 B = Non-inter-level travel time spent in this place.
 C = Inter-level travel time spent in this place.
 D = Time resting spent in this place.
 E = Time spent auto-exploring this place.
 F = Levels seen in this place.
 G = Mean time per level.
                   A        B        C        D        E       F      G
               +--------+--------+--------+--------+--------+-----+--------+
         Total |  11261 |  10887 |    374 |   2782 |   6076 |  10 | 1126.1 |
       Dungeon |  10953 |  10613 |    340 |   2782 |   5803 |   9 | 1217.0 |
        Temple |    307 |    273 |     34 |      0 |    272 |   1 |  307.0 |
               +--------+--------+--------+--------+--------+-----+--------+

Top non-repeatable levels by time:
     D:7: 2117 daAuts
     D:5: 1871 daAuts
     D:2: 1559 daAuts
     D:3: 1156 daAuts
     D:8: 1151 daAuts
     D:4: 1075 daAuts
     D:1: 999 daAuts
     D:6: 608 daAuts
     D:9: 413 daAuts
  Temple: 307 daAuts
